 Dungeon Crawl Stone Soup version 0.23.2-1-ga50397a (webtiles) character file.

Game seed: 5471253814113671756

53 kae the Changer (level 3, -2/26 HPs)
             Began as a Demonspawn Transmuter on Apr 15, 2019.
             Slain by a worm (11 damage)
             ... on level 1 of the Dungeon.
             The game lasted 00:01:27 (1036 turns).

kae the Changer (Demonspawn Transmuter)             Turns: 1036, Time: 00:01:28

Health: -2/26      AC:  4    Str: 10    XL:     3   Next: 62%
Magic:  5/6        EV: 12    Int: 14    God:
Gold:   26         SH:  0    Dex: 14    Spells: 5/6 levels left

rFire    . . .     SeeInvis .   f - +2 whip (venom)
rCold    . . .     Gourm    .   (no shield)
rNeg     . . .     Faith    .   e - +0 robe (curse)
rPois    .         Spirit   .   (no helmet)
rElec    .         Reflect  .   (no cloak)
rCorr    .         Harm     .   (no gloves)
MR       .....                  (no boots)
Stlth    +.........             (no amulet)
HPRegen  0.08/turn              (no ring)
MPRegen  0.10/turn              (no ring)

@: appendage
A: horns 2, iridescent scales 1, rot immunity
a: End Transformation


You were on level 1 of the Dungeon.
You were hungry.
You had grown temporary horns.
You visited 1 branch of the dungeon, and saw 2 of its levels.

You collected 26 gold pieces.

Inventory:

Hand Weapons
 f - a +2 whip of venom (weapon)
Missiles
 a - 33 arrows
Armour
 b - a +0 robe
 e - a cursed +0 robe (worn)
Potions
 i - a potion of ambrosia {unknown}
Comestibles
 d - a ration


   Skills:
 - Level 1.0 Fighting
 - Level 1.7 Dodging
 - Level 2.6 Unarmed Combat
 - Level 2.0 Spellcasting
 + Level 3.7 Transmutations


You had 5 spell levels left.
You knew the following spells:

 Your Spells              Type           Power        Failure   Level  Hunger
a - Beastly Appendage     Tmut           ##....       5%          1    ##.....

Your spell library contained the following spells:

 Spells                   Type           Power        Failure   Level  Hunger
 Sticks to Snakes         Tmut           ##......     8%          2    ###....
 Spider Form              Tmut/Pois      #.........   32%         3    ####...
 Ice Form                 Ice/Tmut       #.......     73%         4    #####..
 Blade Hands              Tmut           ##........   82%         5    ######.


Dungeon Overview and Level Annotations

Branches:
Dungeon (2/15)

Altars:


Innate Abilities, Weirdness & Mutations

You are partially covered in iridescent scales. (AC +2)
You are immune to rotting.
You have a pair of horns on your head.


Message History

Okay, then.
Casting: Beastly Appendage (safe; 5% risk of failure)
Confirm with . or Enter, or press ? or * to list all spells.
You don't know that spell.
Casting: Beastly Appendage (safe; 5% risk of failure)
Confirm with . or Enter, or press ? or * to list all spells.
You grow a pair of large bovine horns.
You are feeling hungry.
The kobold hits you but does no damage. The kobold hits you with a +0 club.
You hit the kobold.
The kobold is poisoned.
The kobold is moderately wounded.
The kobold closely misses you.
You hit the kobold but do no damage.
The kobold is moderately wounded.
The kobold misses you.
You hit the kobold.
You kill the kobold!
You barely miss the worm. The worm bites you!
You die...

##### #.... #.### ##########
#.#.. #........# #.#.#
#........# #.#.#
#........###############.#.#
#.......rgw@........).......
#........####.########...###
########.# #.#.######.#....
#.# #.#........#.###
##'####.#.########.# #
#....##.#.# #.# #
#....##.#.########.# #
#....##.#........#.# #
#....##.########)#.#


You could see a worm, a goblin and a rat.

Vanquished Creatures
  2 adders
  2 oozes (D:1)
  A dart slug (D:1)
  5 bats
  2 goblins (D:1)
  4 hobgoblins (D:1)
  2 jackals (D:1)
  2 kobolds (D:1)
  2 frilled lizards (D:1)
  2 rats
24 creatures vanquished.

Notes
Turn   | Place    | Note
-------+----------+-------------------------------------------
     0 | D:1      | kae the Demonspawn Transmuter began the quest for the Orb.
     0 | D:1      | Reached XP level 1. HP: 15/15 MP: 3/3
    46 | D:1      | Reached skill level 2 in Transmutations
   163 | D:1      | Gained mutation: You are partially covered in iridescent
                  | scales. (AC +2) [demonic ancestry]
   163 | D:1      | Reached XP level 2. HP: 15/21 MP: 5/5
   511 | D:1      | Reached skill level 3 in Transmutations
   773 | D:1      | Gained mutation: You are immune to rotting. [demonic
                  | ancestry]
   773 | D:1      | Reached XP level 3. HP: 26/26 MP: 4/6
  1036 | D:1      | Slain by a worm

Skill      XL: |  1  2 |
---------------+-------+-----
Transmutations | 2 3 |  3.7
Fighting       | |  1.0
Dodging        | |  1.7
Unarmed Combat | |  2.6
Spellcasting   | |  2.0

Action                   || total
-------------------------++-------
Melee: Unarmed           ||     5
       Whip              ||    55
       Kick              ||     5
       Headbutt          ||     1
 Cast: Beastly Appendage ||     6
  Use: Scroll            ||     2
       Potion            ||     1
 Stab: Sleeping          ||     1
Armor: Robe              ||    31
Dodge: Dodged            ||    76
